 Dungeon Crawl Stone Soup version 0.25-a0-1119-g28b6fd0 (webtiles) character file.

Game seed: 13597324241327528226, levelgen mode: deterministic

737 Faca the Cutter (level 8, -9/57 HPs)
             Began as a Halfling Fighter on May 18, 2020.
             Mangled by an ogre
             ... wielding a +0 giant club
              (26 damage)
             ... on level 5 of the Dungeon.
             The game lasted 00:07:53 (4662 turns).

Faca the Cutter (Halfling Fighter)                  Turns: 4662, Time: 00:07:53

Health: -9/57      AC:  8    Str: 19    XL:     8   Next: 4%
Magic:  8/8        EV:  9    Int:  6    God:
Gold:   273        SH:  9    Dex: 14    Spells: 7/7 levels left

rFire    . . .     SeeInvis .   a - +1 rapier
rCold    . . .     Gourm    .   c - +0 kite shield
rNeg     . . .     Faith    .   b - +0 scale mail
rPois    +         Spirit   .   g - +0 helmet
rElec    .         Reflect  .   e - scarf {+Inv}
rCorr    .         Harm     .   (no gloves)
MR       .....                  (no boots)
Stlth    ..........             (no amulet)
HPRegen  0.19/turn              r - ring of poison resistance
MPRegen  0.11/turn              (no ring)

@: no status effects
A: small, mutation resistance 1
a: Evoke Invisibility


You were on level 5 of the Dungeon.
You were very hungry.

You visited 1 branch of the dungeon, and saw 5 of its levels.

You collected 273 gold pieces.

Inventory:

Hand Weapons
 a - a +1 rapier (weapon)
 m - a +0 hunting sling
Missiles
 h - 122 stones (quivered)
Armour
 b - a +0 scale mail (worn)
 c - a +0 kite shield (worn)
 e - a scarf of invisibility (worn)
 g - a +0 helmet (worn)
Jewellery
 r - a ring of poison resistance (left hand)
Wands
 o - a wand of polymorph (1)
Scrolls
 k - a scroll of magic mapping
 q - a scroll of remove curse
Potions
 d - a potion of might
 i - a potion of degeneration {unknown}
 j - 2 potions of curing
 l - 4 potions of mutation
 n - 2 potions of berserk rage
 p - a potion of ambrosia {unknown}
Comestibles
 f - 7 rations


   Skills:
 + Level 6.0 Fighting
 + Level 7.4 Short Blades
 - Level 3.2 Armour
 - Level 3.2 Shields


You had 7 spell levels left.
You didn't know any spells.
Your spell library contained the following spells:

 Spells                   Type           Power        Failure   Level  Hunger
 Confusing Touch          Hex            #.......     100%        3    ####...
 Gell's Gravitas          Tloc           #.........   100%        3    ####...
 Petrify                  Tmut/Erth      #.......     100%        4    #####..
 Metabolic Englaciation   Hex/Ice        #.........   100%        5    ######.
 Yara's Violent Unravell  Hex/Tmut       #.........   100%        5    ######.


Dungeon Overview and Level Annotations

Branches:
Dungeon (5/15)             Temple (0/1) D:4

Altars:
Cheibriados
Elyvilon
Hepliaklqana
Qazlal
Wu Jian
Xom
Yredelemnul


Innate Abilities, Weirdness & Mutations

You are small and have problems with some larger weapons.
You are somewhat resistant to further mutation.


Message History

You hit the ogre.
The ogre is lightly wounded.
You hit the ogre.
The ogre is moderately wounded.
The ogre hits you with a +0 giant club!
You closely miss the ogre.
The ogre is moderately wounded.
The ogre hits you with a +0 giant club!!
* * * LOW HITPOINT WARNING * * *
You are too injured to fight recklessly!
You are too injured to fight recklessly!
Your shield and scale mail prevent you from hitting the ogre.
The ogre is moderately wounded.
You block the ogre's attack.
You barely miss the ogre.
The ogre is moderately wounded.
You hit the ogre.
The ogre is heavily wounded.
The ogre hits you with a +0 giant club!!
You die...

... ... ... .. ###.#.#
... #.[#.#..
#.##...#.#.#
#.#...##.#.#
+#)#O5##..#.# .
..###..@###...#.# .#
......8.........# .#
..###...###.....# .#
+#.#).##..#.# .#
#.#...##.#.######## .#
......#
##.##...#.#.........
.##......#
##...##..#.##########
.##......####.....####.#
.##....................#


You could see an ogre and a crimson imp.

Vanquished Creatures
  2 ice beasts (D:5)
  An ogre (D:5)
  A water moccasin zombie (D:5)
  A crimson imp (D:5)
  2 orc wizards (D:3)
  An iguana (D:5)
  4 worker ants
  Robin (D:2)
  4 gnolls
  7 adders
  An ooze (D:4)
  An adder zombie (D:5)
  A dart slug (D:3)
  A leopard gecko (D:5)
  9 orcs
  8 giant cockroaches
  13 goblins
  8 hobgoblins
  3 jackals (D:1)
  9 kobolds
  2 quokkas (D:3)
  7 bats
  9 frilled lizards
  13 rats
109 creatures vanquished.

Notes
Turn   | Place    | Note
-------+----------+-------------------------------------------
     0 | D:1      | Faca the Halfling Fighter began the quest for the Orb.
     0 | D:1      | Reached XP level 1. HP: 15/15 MP: 1/1
    78 | D:1      | Reached XP level 2. HP: 17/20 MP: 2/2
    92 | D:1      | Reached skill level 3 in Short Blades
   260 | D:1      | Reached XP level 3. HP: 26/26 MP: 3/3
   393 | D:1      | You fall into a shaft and drop 1 floor!
   677 | D:1      | Found a shimmering altar of Xom.
   680 | D:1      | Found a basalt altar of Yredelemnul.
   680 | D:1      | Found a basalt altar of Yredelemnul.
   682 | D:1      | Found a hazy altar of Hepliaklqana.
   682 | D:1      | Found an ornate altar of the Wu Jian Council.
   682 | D:1      | Found a shimmering altar of Xom.
  1011 | D:2      | Reached XP level 4. HP: 31/31 MP: 4/4
  1159 | D:2      | Found a hazy altar of Hepliaklqana.
  1403 | D:2      | Noticed Robin
  1417 | D:2      | Killed Robin
  1417 | D:2      | Reached skill level 4 in Short Blades
  1507 | D:2      | Found an ornate altar of the Wu Jian Council.
  1607 | D:3      | Found a white marble altar of Elyvilon.
  1815 | D:3      | Reached XP level 5. HP: 37/37 MP: 5/5
  2469 | D:3      | Found a basalt altar of Yredelemnul.
  2854 | D:4      | Reached skill level 5 in Short Blades
  2881 | D:4      | Reached XP level 6. HP: 44/44 MP: 6/6
  3023 | D:3      | HP: 2/44 [orc wizard/magic dart (8)]
  3380 | D:4      | Found a staircase to the Ecumenical Temple.
  3585 | D:4      | Found a stormy altar of Qazlal.
  3586 | D:4      | Found a snail-covered altar of Cheibriados.
  3669 | D:5      | Entered Level 5 of the Dungeon
  3757 | D:5      | Reached skill level 5 in Fighting
  3757 | D:5      | Reached skill level 6 in Short Blades
  3881 | D:5      | Reached XP level 7. HP: 50/50 MP: 7/7
  4388 | D:5      | Reached skill level 7 in Short Blades
  4412 | D:5      | Reached XP level 8. HP: 14/57 MP: 8/8
  4662 | D:5      | Mangled by an ogre

Illustrated notes

Levels and vault maps discovered:
D:1:      dpeg_arrival_tiny_a, layout_rooms, hangedman_decor_lopped,
          doesnt_xom_only_xom
D:2:      layout_loops_ring, marbit_many_paths, lemuel_round_altar,
          grunt_decor_cap, uniq_robin
D:3:      layout_basic, elyvilon_altar_5, yredelemnul_altar_generic,
          minmay_misc_feat_rugged
D:4:      layout_rooms, gammafunk_temple_overflow_pools,
          minmay_temple_entry_drinking_statues
D:5:      cheibrodos_barr_body, layout_basic, first_ration

Skill      XL: |  1  2  3  4  5  6  7 |
---------------+----------------------+-----
Fighting       | 3 4 5 6 |  6.0
Short Blades   | 3 4 5 6 7 |  7.4
Armour         | |  3.2
Shields        | |  3.2

Action                   |  1- 3 |  4- 6 |  7- 9 || total
-------------------------+-------+-------+-------++-------
Melee: Rapier            |   120 |   194 |    79 ||   393
 Fire: Hunting sling     |       |    13 |       ||    13
  Use: Scroll            |     2 |     6 |     1 ||     9
  Eat: Chunk             |     1 |     9 |     1 ||    11
Armor: Scale mail        |    43 |    55 |    18 ||   116
       Skin              |       |     3 |       ||     3
Dodge: Dodged            |    53 |    49 |    21 ||   123
Block: Kite shield       |    75 |    71 |    15 ||   161

Table legend:
 A = Non-vault XP
 B = Vault XP
 C = Vault XP percentage of total XP
 D = Non-vault monster count
 E = Vault monster count
 F = Vault count percentage of total count
                 A         B        C        D         E       F
            +---------+---------+-------+---------+---------+-------
      Total |     882 |     171 |  16.2 |      95 |      14 |  12.8
            +---------+---------+-------+---------+---------+-------
        D:1 |      38 |       0 |   0.0 |      27 |       0 |   0.0
        D:2 |      50 |      32 |  39.0 |      18 |      10 |  35.7
        D:3 |     176 |       0 |   0.0 |      27 |       0 |   0.0
        D:4 |      70 |       0 |   0.0 |      10 |       0 |   0.0
        D:5 |     548 |     139 |  20.2 |      13 |       4 |  23.5
            +---------+---------+-------+---------+---------+-------
